SAAA
ALLOWAY HALBERDS @ AUGUSTA TIMBER HAWKS
09/16/2037
 
TOP OF THE 1ST
Alloway Halberds batting - Pitching for Augusta Timber Hawks : LHP Sean Halls
Pitching: LHP Sean Halls
Batting: RHB José Alcalá 0-0: Ball
1-0: Ground out 5-3 (Groundball, 5, EV 110.6 MPH)
Batting: RHB Tom Boyer 0-0: Ball
1-0: Called Strike
1-1: Swinging Strike
1-2: Ball
2-2: Strikes out looking
Batting: RHB Greg Bugarin 0-0: SINGLE (Line Drive, 6M, EV 103.8 MPH)
Batting: RHB Manny Gonzáles 0-0: Ball
1-0: Called Strike
1-1: Foul Ball, location: 2F
1-2: Strikes out swinging
Top of the 1st over - 0 runs, 1 hit, 0 errors, 1 left on base; Alloway 0 - Augusta 0
BOTTOM OF THE 1ST
Augusta Timber Hawks batting - Pitching for Alloway Halberds : RHP Joel Farrell
Pitching: RHP Joel Farrell
Batting: SHB Francisco Enríquez 0-0: Ball
1-0: Called Strike
1-1: Ball
2-1: Ground out 5-3 (Groundball, 56, EV 91.9 MPH)
Batting: LHB Seung-soo Ch'ae 0-0: Fly out, F8 (Flyball, 8LS, EV 88.8 MPH)
Batting: LHB Ramiro Palmeiro 0-0: Ball
1-0: Foul Ball, location: 2F
1-1: Called Strike
1-2: SOLO HOME RUN (Flyball, 9D, EV 96.9 MPH), Distance : 377 ft
Batting: RHB Juan Chávez 0-0: Foul Ball, location: 2F
0-1: Fly out, F8 (Flyball, 8RM, EV 91.9 MPH)
Bottom of the 1st over - 1 run, 1 hit, 0 errors, 0 left on base; Alloway 0 - Augusta 1
TOP OF THE 2ND
Alloway Halberds batting - Pitching for Augusta Timber Hawks : LHP Sean Halls
Batting: RHB Carlos Garza 0-0: Ball
1-0: Ball
2-0: Called Strike
2-1: Swinging Strike
2-2: Fly out, F7 (Flyball, 7D, EV 91.2 MPH)
Batting: LHB Juan Jimínez 0-0: Fly out, F7 (Flyball, 7LD, EV 96.9 MPH)
Batting: RHB Jordan Hollins 0-0: Called Strike
0-1: Ball
1-1: Called Strike
1-2: Foul Ball, location: 2F
1-2: Foul Ball, location: 2F
1-2: Ball
2-2: Strikes out swinging
Top of the 2nd over - 0 runs, 0 hits, 0 errors, 0 left on base; Alloway 0 - Augusta 1
BOTTOM OF THE 2ND
Augusta Timber Hawks batting - Pitching for Alloway Halberds : RHP Joel Farrell
Batting: LHB Mike Goff 0-0: Foul Ball, location: 2F
0-1: Foul Ball, location: 2F
0-2: Foul Ball, location: 2F
0-2: Ball
1-2: Ball
2-2: Foul Ball, location: 2F
2-2: Ball
3-2: Fly out, F5 (Popup, 56S, EV 79.4 MPH)
Batting: SHB Hong-bo Zhui 0-0: Called Strike
0-1: Ball
1-1: Ball
2-1: Ground out 6-3 (Groundball, 6, EV 86.2 MPH)
Batting: RHB Pat Sizemore 0-0: Fly out, F8 (Flyball, 8LD, EV 94.4 MPH)
Bottom of the 2nd over - 0 runs, 0 hits, 0 errors, 0 left on base; Alloway 0 - Augusta 1
TOP OF THE 3RD
Alloway Halberds batting - Pitching for Augusta Timber Hawks : LHP Sean Halls
Batting: RHB Scotty Smalls 0-0: Ground out 5-3 (Groundball, 56, EV 105.6 MPH)
Batting: RHB Vince Staples 0-0: Called Strike
0-1: Hit by Pitch
Batting: RHB José Alcalá 0-0: Ball
1-0: Foul Ball, location: 2F
1-1: Foul Ball, location: 2F
1-2: Foul Ball, location: 2F
1-2: Ball
2-2: Ball
3-2: Strikes out looking
Batting: RHB Tom Boyer 0-0: Called Strike
0-1: Foul Ball, location: 2F
0-2: Foul Ball, location: 2F
0-2: Strikes out swinging
Top of the 3rd over - 0 runs, 0 hits, 0 errors, 1 left on base; Alloway 0 - Augusta 1
BOTTOM OF THE 3RD
Augusta Timber Hawks batting - Pitching for Alloway Halberds : RHP Joel Farrell
Batting: LHB Ken Gill 0-0: Called Strike
0-1: Ball
1-1: Swinging Strike
1-2: Ball
2-2: Reached on error, E7 (Flyball, 7, EV 95.0 MPH)
Batting: RHB Jesús Recesvinto 0-0: Ball
1-0: Ball
2-0: Called Strike
2-1: Fielders Choice at 2nd, 5-4 (Groundball, 5S, EV 83.8 MPH)
Batting: SHB Francisco Enríquez 0-0: Ball
1-0: Swinging Strike
1-1: Ball
2-1: Ball
3-1: Called Strike
3-2: Reached on error, E1 (Groundball, P, EV 77.5 MPH)
Jesús Recesvinto to second
Batting: LHB Seung-soo Ch'ae 0-0: Called Strike
0-1: DOUBLE (Groundball, 3L, EV 95.6 MPH)
Jesús Recesvinto scores
Francisco Enríquez to third
Runner from 3rd tries for Home, SAFE, throw by RF to trailing runner, OUT at third! 9-4-5
Batting: LHB Ramiro Palmeiro 0-0: Swinging Strike
0-1: Ball
1-1: Foul Ball, location: 2F
1-2: Ball
2-2: Ball
3-2: Foul Ball, location: 2F
3-2: Ground out 4-3 (Groundball, 4M, EV 83.8 MPH)
Bottom of the 3rd over - 2 runs, 1 hit, 2 errors, 0 left on base; Alloway 0 - Augusta 3
TOP OF THE 4TH
Alloway Halberds batting - Pitching for Augusta Timber Hawks : LHP Sean Halls
Batting: RHB Greg Bugarin 0-0: Ball
1-0: Ball
2-0: Called Strike
2-1: Foul Ball, location: 2F
2-2: Foul Ball, location: 2F
2-2: Foul Ball, location: 2F
2-2: SOLO HOME RUN (Flyball, 7D, EV 97.5 MPH), Distance : 401 ft
Batting: RHB Manny Gonzáles 0-0: Ball
1-0: Ball
2-0: Called Strike
2-1: Ball
3-1: Base on Balls
Batting: RHB Carlos Garza 0-0: Ball
1-0: SINGLE (Groundball, 6MD, EV 105.0 MPH)
Manny Gonzáles to second
Runner from 2nd tries for 3rd, SAFE, throw by CF made to third
Batting: LHB Juan Jimínez 0-0: Ball
Wild Pitch!
Manny Gonzáles scores
Carlos Garza to second
1-0: Called Strike
1-1: Ball
2-1: Ball
3-1: Base on Balls
Batting: RHB Jordan Hollins 0-0: Called Strike
0-1: Ball
1-1: Swinging Strike
1-2: Ball
2-2: Foul Ball, location: 2F
2-2: Ball
3-2: Strikes out swinging
Batting: RHB Scotty Smalls 0-0: Ball
1-0: Called Strike
1-1: Ball
2-1: SINGLE (Line Drive, 5D, EV 107.5 MPH)
Carlos Garza to third
Juan Jimínez to second
Batting: RHB Vince Staples 0-0: Called Strike
0-1: Ball
1-1: Ball
2-1: Swinging Strike
2-2: Strikes out swinging
Batting: RHB José Alcalá 0-0: Ball
1-0: Called Strike
1-1: Ball
2-1: Foul Ball, location: 2F
2-2: Strikes out swinging
Top of the 4th over - 2 runs, 3 hits, 0 errors, 3 left on base; Alloway 2 - Augusta 3
BOTTOM OF THE 4TH
Augusta Timber Hawks batting - Pitching for Alloway Halberds : RHP Joel Farrell
Batting: RHB Juan Chávez 0-0: SINGLE (Groundball, 34D, EV 103.1 MPH)
Batting: LHB Mike Goff 0-0: DOUBLE (Groundball, 3L, EV 107.5 MPH)
Juan Chávez to third
Batting: SHB Hong-bo Zhui 0-0: Called Strike
0-1: Ball
1-1: Ball
2-1: Swinging Strike
2-2: Ball
3-2: Ground out 1-3 (Groundball, P, EV 92.5 MPH)
Batting: RHB Pat Sizemore 0-0: Foul Ball, location: 2F
0-1: Fly out, F8 (Flyball, 8RM, EV 89.4 MPH)
Batting: LHB Ken Gill 0-0: Ball
1-0: Foul Ball, location: 2F
1-1: Ball
2-1: Ball
3-1: Foul Ball, location: 2F
3-2: Foul Ball, location: 2F
3-2: Fly out, F9 (Flyball, 9S, EV 93.1 MPH)
Bottom of the 4th over - 0 runs, 2 hits, 0 errors, 2 left on base; Alloway 2 - Augusta 3
TOP OF THE 5TH
Alloway Halberds batting - Pitching for Augusta Timber Hawks : LHP Sean Halls
Batting: RHB Tom Boyer 0-0: Ball
1-0: Ball
2-0: Foul Ball, location: 2F
2-1: Foul Ball, location: 2F
2-2: SINGLE (Groundball, 56D, EV 106.9 MPH)
Batting: RHB Greg Bugarin 0-0: Called Strike
0-1: Ball
1-1: Ball
2-1: Ball
3-1: Foul Ball, location: 2F
3-2: Base on Balls
Tom Boyer to second
Pitching: RHP Sam Pelsize
Batting: RHB Manny Gonzáles 0-0: Ball
1-0: Fly out, F8 (Flyball, 8RD, EV 98.1 MPH)
Batting: RHB Carlos Garza 0-0: Foul Ball, location: 2F
0-1: Ball
1-1: Swinging Strike
1-2: Strikes out looking
Batting: LHB Juan Jimínez 0-0: Called Strike
0-1: Foul Ball, location: 2F
0-2: Strikes out swinging
Top of the 5th over - 0 runs, 1 hit, 0 errors, 2 left on base; Alloway 2 - Augusta 3
BOTTOM OF THE 5TH
Augusta Timber Hawks batting - Pitching for Alloway Halberds : RHP Joel Farrell
Batting: RHB Jesús Recesvinto 0-0: Ball
1-0: Foul Ball, location: 2F
1-1: Ball
2-1: Foul Ball, location: 2F
2-2: Ground out 5-3 (Groundball, 56, EV 98.1 MPH)
Batting: SHB Francisco Enríquez 0-0: Swinging Strike
0-1: Ball
1-1: Foul Ball, location: 2F
1-2: Ball
2-2: Strikes out looking
Batting: LHB Seung-soo Ch'ae 0-0: Called Strike
0-1: Swinging Strike
0-2: Fly out, F7 (Flyball, 7, EV 92.5 MPH)
Bottom of the 5th over - 0 runs, 0 hits, 0 errors, 0 left on base; Alloway 2 - Augusta 3
TOP OF THE 6TH
Alloway Halberds batting - Pitching for Augusta Timber Hawks : RHP Sam Pelsize
Batting: RHB Jordan Hollins 0-0: Foul Ball, location: 2F
0-1: Swinging Strike
0-2: Ball
1-2: Strikes out swinging
Batting: RHB Scotty Smalls 0-0: Called Strike
0-1: Ball
1-1: Ground out 6-3 (Groundball, 6, EV 108.1 MPH)
Batting: RHB Vince Staples 0-0: Ball
1-0: SINGLE (Flyball, 4MD, EV 91.9 MPH)
Batting: RHB José Alcalá 0-0: Fielders Choice at 2nd, 6-4 (Groundball, 6, EV 87.5 MPH)
Top of the 6th over - 0 runs, 1 hit, 0 errors, 1 left on base; Alloway 2 - Augusta 3
BOTTOM OF THE 6TH
Augusta Timber Hawks batting - Pitching for Alloway Halberds : RHP Joel Farrell
Batting: LHB Ramiro Palmeiro 0-0: Ball
1-0: Called Strike
1-1: Foul Ball, location: 2F
1-2: Strikes out looking
Batting: RHB Juan Chávez 0-0: Ball
1-0: Ball
2-0: Ball
3-0: Called Strike
3-1: Called Strike
3-2: Ground out 6-3 (Groundball, 6S, EV 90.0 MPH)
Batting: LHB Mike Goff 0-0: Ball
1-0: Ball
2-0: Foul Ball, location: 2F
2-1: Ball
3-1: Ground out 3-1 (Groundball, 34, EV 96.9 MPH)
Bottom of the 6th over - 0 runs, 0 hits, 0 errors, 0 left on base; Alloway 2 - Augusta 3
TOP OF THE 7TH
Alloway Halberds batting - Pitching for Augusta Timber Hawks : RHP Sam Pelsize
Batting: RHB Tom Boyer 0-0: Ball
1-0: Called Strike
1-1: Fly out, F8 (Flyball, 78D, EV 82.5 MPH)
Batting: RHB Greg Bugarin 0-0: Called Strike
0-1: Fly out, F8 (Flyball, 89M, EV 88.8 MPH)
Batting: RHB Manny Gonzáles 0-0: Called Strike
0-1: Ball
1-1: Fly out, F9 (Flyball, 9, EV 87.5 MPH)
Top of the 7th over - 0 runs, 0 hits, 0 errors, 0 left on base; Alloway 2 - Augusta 3
BOTTOM OF THE 7TH
Augusta Timber Hawks batting - Pitching for Alloway Halberds : RHP Joel Farrell
Batting: SHB Hong-bo Zhui 0-0: Called Strike
0-1: Ball
1-1: Ball
2-1: SINGLE (Line Drive, 78S, EV 98.8 MPH)
Batting: RHB Pat Sizemore 0-0: Ball
1-0: Fielders Choice at 2nd, 5-4 (Groundball, 56, EV 86.2 MPH)
Batting: LHB Ken Gill 0-0: Ball
1-0: Swinging Strike
1-1: Swinging Strike
1-2: Ball
2-2: Fielders Choice at 2nd, 1-6 (Groundball, 13S, EV 66.2 MPH)
Batting: RHB Jesús Recesvinto 0-0: Ball
1-0: Fielders Choice at 2nd, 6-4 (Groundball, 6, EV 108.8 MPH)
Bottom of the 7th over - 0 runs, 1 hit, 0 errors, 1 left on base; Alloway 2 - Augusta 3
TOP OF THE 8TH
Alloway Halberds batting - Pitching for Augusta Timber Hawks : RHP Sam Pelsize
Batting: RHB Carlos Garza 0-0: Fly out, F7 (Flyball, 7S, EV 86.9 MPH)
Batting: LHB Juan Jimínez 0-0: Ground out 1-3 (Groundball, P, EV 65.6 MPH)
Batting: RHB Jordan Hollins 0-0: Called Strike
0-1: Swinging Strike
0-2: Strikes out swinging
Top of the 8th over - 0 runs, 0 hits, 0 errors, 0 left on base; Alloway 2 - Augusta 3
BOTTOM OF THE 8TH
Augusta Timber Hawks batting - Pitching for Alloway Halberds : RHP Joel Farrell
Batting: SHB Francisco Enríquez 0-0: Ball
1-0: Ball
2-0: Ball
3-0: Called Strike
3-1: Base on Balls
Pitching: RHP Kerry Tenner
Batting: LHB Seung-soo Ch'ae 0-0: Ball
1-0: Bunted foul
1-1: Ball
2-1: Sac Bunt to 13S - play at first, batter OUT! 1-4
Francisco Enríquez to second
Batting: LHB Ramiro Palmeiro 0-0: Ball
1-0: Ball
2-0: Ball
3-0: Base on Balls
Batting: RHB Juan Chávez 0-0: Ball
1-0: Swinging Strike
1-1: Swinging Strike
1-2: Ball
2-2: Ball
3-2: Base on Balls
Francisco Enríquez to third
Ramiro Palmeiro to second
Batting: LHB Mike Goff 0-0: Ball
1-0: Called Strike
1-1: SINGLE (Line Drive, 78S, EV 103.1 MPH)
Francisco Enríquez scores
Ramiro Palmeiro to third
Juan Chávez to second
Batting: SHB Hong-bo Zhui 0-0: Foul Ball, location: 2F
0-1: Fly out, F8 (Flyball, 8LXD, EV 88.8 MPH)
Runner from 3rd tags up, SCORES, no throw by CF
Juan Chávez to third
Batting: RHB Pat Sizemore 0-0: Swinging Strike
0-1: Called Strike
0-2: Foul Ball, location: 2F
0-2: Ball
1-2: Foul Ball, location: 2F
1-2: Strikes out swinging
Bottom of the 8th over - 2 runs, 1 hit, 0 errors, 2 left on base; Alloway 2 - Augusta 5
TOP OF THE 9TH
Alloway Halberds batting - Pitching for Augusta Timber Hawks : RHP Sam Pelsize
Pitching: LHP Jeffery Meyers
Batting: RHB Scotty Smalls 0-0: Ball
1-0: Fly out, F8 (Line Drive, 8LD, EV 110.0 MPH)
Batting: RHB Vince Staples 0-0: Called Strike
0-1: Foul Ball, location: 2F
0-2: Ball
1-2: Foul Ball, location: 2F
1-2: Fly out, F9 (Flyball, 9LS, EV 83.8 MPH)
Batting: RHB José Alcalá 0-0: Ground out 5-3 (Groundball, 56, EV 92.5 MPH)
Top of the 9th over - 0 runs, 0 hits, 0 errors, 0 left on base; Alloway 2 - Augusta 5
Thursday, January 23rd, 2020 - OOTP Baseball 20.8 Build 74